 Dungeon Crawl Stone Soup version 0.19-a0-1608-g4cf22de (webtiles) character file.

63 rlgrobin the Insei (level 3, -1/28 HPs)
             Began as a Vampire Chaos Knight on Sept 17, 2016.
             Slain by a worm (7 damage)
             ... on level 2 of the Dungeon.
             The game lasted 00:01:25 (753 turns).

rlgrobin the Insei (Vampire Chaos Knight)            Turns: 753, Time: 00:01:27

Health: -1/28      AC:  8    Str: 11    XL:     3   Next: 89%
Magic:  3/3        EV: 12    Int: 14    God:    Xom [..*...]
Gold:   76         SH:  0    Dex: 14    Spells: 0 memorised, 2 levels left

rFire  . . .     SeeInvis +       - Unarmed
rCold  . . .     Gourm    .     a - +2 leather armour
rNeg   . . .     Faith    .     (no shield)
rPois  .         Spirit   .     (no helmet)
rElec  .         Dismiss  .     (no cloak)
rCorr  .         Reflect  .     e - +2 pair of gloves
MR     .....     Harm     .     (no boots)
Stlth  +.........               (no amulet)
                                (no ring)
                                (no ring)

@: regenerating quickly
A: fangs 3, see invisible, unbreathing
a: Renounce Religion


You were on level 2 of the Dungeon.
You worshipped Xom.
You were a toy of Xom.
You were very full.

You visited 1 branch of the dungeon, and saw 2 of its levels.

You collected 76 gold pieces.


Innate Abilities, Weirdness & Mutations

Your natural rate of healing is unusually fast.
You have razor-sharp teeth.
You have supernaturally acute eyesight. (SInv)
You can survive without breathing.


   Skills:
 - Level 2.6 Fighting
 - Level 0.7 Armour
 - Level 2.1 Dodging
 + Level 5.3 Unarmed Combat


You had 2 spell levels left.
You didn't know any spells.

Inventory:

Armour
 a - a +2 leather armour (worn)
 e - a +2 pair of gloves (worn)
Jewellery
 i - a +4 ring of protection {unknown}
Scrolls
 d - a scroll of blinking {unknown}
 f - a scroll of remove curse {unknown}
 h - a scroll of enchant weapon {unknown}
Potions
 b - 8 potions of blood {@q4}
 c - a potion of haste {unknown}
 g - a potion of beneficial mutation {unknown}
 j - a potion of brilliance {unknown}
 k - a potion of resistance {unknown}

Dungeon Overview and Level Annotations

Branches:
Dungeon (2/15)

Altars:

▒....▒ ▒▒▒▒
▒....▒▒▒▒▒ ....
....>.....
▒..▒▒.........
▒...▒.........
▒▒▒▒▒.▒.▒.........
▒.......w........
▒........V...▒
▒............▒ ▒
▒............▒ ▒
▒........)%..▒ ▒
▒†...........▒ ▒
▒....£.....£.▒ ▒
▒............▒ ▒
▒▒▒▒..............
▒
▒........▒▒▒.......


You could see a worm.


Message History

A worm comes into view!
You barely miss the worm! The worm closely misses you!
You squash the worm like an ant!
The worm is moderately wounded!
You squash the worm like an ant!
The worm is moderately wounded!
The worm bites you! * * * don't die
* * * You barely miss the worm!
The worm is moderately wounded!
You squash the worm but do no damage!
The worm is moderately wounded!
The worm closely misses you!
You pulverise the worm!
Your punch misses the worm!
The worm is heavily wounded!
The worm closely misses you!
You pulverise the worm!
The worm is severely wounded!
You pummel the worm like a punching bag!!!
You annihilate the worm!!!
The worm closely misses you!
You pulverise the worm but do no damage!
You squash the worm like an ant!
You bite the worm!
The worm is severely wounded!
The worm barely misses you!
You completely miss the worm!
The worm is heavily wounded!
The worm bites you!!! rip "It was about time!"

Action                   || total
-------------------------++-------
Melee: Unarmed           ||   190
       Bite              ||     5
       Punch             ||     2
  Use: Potion            ||     8
Armor: Leather armour    ||    53
Dodge: Dodged            ||   104

Vault maps used:
D:1:      scummos_arrival_simple_fountains, st_stairs_7, minivault_25,
          serial_bayou_crossing
D:2:      ecumenical_altar_2, first_bread

Notes
Turn   | Place    | Note
-------+----------+-------------------------------------------
     0 | D:1      | rlgrobin the Vampire Chaos Knight began the quest for the Orb.
     0 | D:1      | Reached XP level 1. HP: 17/17 MP: 1/1
    46 | D:1      | Reached XP level 2. HP: 5/23 MP: 2/2
    47 | D:1      | Reached skill level 4 in Unarmed Combat
   111 | D:1      | XOM: divination: magic mapping
   131 | D:1      | XOM: divination: detect items
   139 | D:1      | XOM: butterfly on damage
   283 | D:1      | Reached XP level 3. HP: 26/28 MP: 3/3
   587 | D:1      | XOM: divination: detect creatures
   676 | D:2      | Reached skill level 5 in Unarmed Combat
   753 | D:2      | Slain by a worm

Vanquished Creatures
  An adder (D:2)
  3 worms (D:2)
  A dart slug (D:1)
  A leopard gecko (D:1)
  A ball python (D:1)
  6 hobgoblins (D:1)
  7 jackals (D:1)
  5 kobolds
  2 bats (D:1)
  2 frilled lizards (D:2)
  6 goblins
  4 rats
39 creatures vanquished.
